 Dungeon Crawl Stone Soup version 0.27.1-33-g824d729ab1 (webtiles) character file.

Game seed: 11607730183221227540

95 toffzen the Chopper (level 4, -3/40 HPs)
             Began as a Minotaur Berserker on Dec 21, 2021.
             Was a Believer of Trog.
             Slain by an orc priest (6 damage)
             ... on level 2 of the Dungeon.
             The game lasted 00:01:29 (2310 turns).

toffzen the Chopper (Minotaur Berserker)            Turns: 2310, Time: 00:01:29

Health: -3/40      AC:  5    Str: 22    XL:     4   Next: 40%
Magic:  3/3        EV: 11    Int:  4    God:    Trog [**....]
Gold:   104        SH:  0    Dex: 10    Spells: 3/3 levels left

rFire    . . .     SeeInvis .   a - +0 hand axe
rCold    . . .     Faith    .   (no shield)
rNeg     . . .     Spirit   .   c - +0 ring mail
rPois    .         Reflect  .   (helmet restricted)
rElec    .         Harm     .   (no cloak)
rCorr    .         Rampage  .   (no gloves)
Will     ++...                  (no boots)
Stlth    ..........             (no amulet)
HPRegen  1.13/turn              (no ring)
MPRegen  0.08/turn              (no ring)

@: strong-willed, on berserk cooldown, regenerating, slowed, very slow
A: horns 2, retaliatory headbutt
a: Renounce Religion, Berserk, Trog's Hand


You were on level 2 of the Dungeon.
You worshipped Trog.
Trog was pleased with you.
You visited 1 branch of the dungeon, and saw 3 of its levels.

You collected 104 gold pieces.

Inventory:

Hand Weapons
 a - a +0 hand axe (weapon)
Missiles
 h - 48 stones (quivered)
Armour
 c - a +0 ring mail (worn)
Wands
 i - a wand of iceblast (9)
Scrolls
 d - a scroll of teleportation {unknown}
 g - 2 scrolls of identify {unknown}
Potions
 b - a potion of resistance {unknown}
 e - a potion of might {unknown}
 f - a potion of heal wounds {unknown}


   Skills:
 + Level 4.2 Fighting
 * Level 4.9 Axes
 + Level 3.2 Armour
 + Level 3.0 Dodging


You had 3 spell levels left.
You didn't know any spells.
Your spell library was empty.

Dungeon Overview and Level Annotations

Branches:
Dungeon (3/15)

Altars:


Innate Abilities, Weirdness & Mutations

You have a pair of horns on your head.
You reflexively headbutt those who attack you in melee.


Message History

You hit the orc priest.
The orc priest is moderately wounded.
You closely miss the orc priest.
The orc priest is moderately wounded.
The orc priest begins to cast a cantrip, but forgets the words!
The orc completely misses you.
You slash the orc priest!
You kill the orc priest!
Trog accepts your kill. The orc closely misses you.
An orc priest comes into view. It is wielding a +0 club.
Your Dodging skill increases to level 3!
You have reached level 4!
You feel agile.
The orc priest shouts!
You feel a strong urge to attack something.
The orc hits you but does no damage.
There is a stone staircase leading up here.
The orc hits you but does no damage.
The orc priest hits you with a +0 war axe!
The orc priest looks encouraged for a moment.
You climb upwards.
You feel your anger nearly subside.
You are no longer berserk.
You are exhausted.
You feel yourself slow down.
There is a stone staircase leading down here.
You closely miss the orc priest. You closely miss the orc.
The orc hits you but does no damage.
The orc priest mumbles some strange prayers to Beogh against you.
Beogh smites you!
* * * LOW HITPOINT WARNING * * *
Okay, then.
Okay, then.
Your skin crawls.
You feel strong-willed. The orc barely misses you. You furiously retaliate!
You headbutt the orc, but do no damage. The orc priest barely misses you.
The orc closely misses you.
The orc priest hits you with a +0 war axe.
You die...

..##....##
.........##############
.###...#......).......#
.###.#..#######.###.#.#
.....#.## #.###.#.#
######.# #.##..#.# #
##'## #.##.##.# #
##...## #o##.##.# #
##.....## #.@o....#
###.......## ##.#.####
##.........####.รท..#
.'......>..'.......#
##.........####....#
###.......## ##.#.#####
# ##.....## #........#
##...## #.##.###.#
######'### #.##.# #.#


You could see an orc priest and an orc.

Vanquished Creatures
  An orc priest (D:3)
  An adder (D:2)
  2 dart slugs
  5 ball pythons
  4 bats
  6 endoplasms
  3 giant cockroaches
  3 goblins (D:1)
  3 hobgoblins
  3 jackals (D:1)
  4 quokkas
  9 kobolds
  3 rats
47 creatures vanquished.

Notes
Turn   | Place    | Note
-------+----------+-------------------------------------------
     0 | D:1      | toffzen the Minotaur Berserker began the quest for the Orb.
     0 | D:1      | Reached XP level 1. HP: 19/19 MP: 0/0
   210 | D:1      | Reached XP level 2. HP: 26/27 MP: 1/1
   939 | D:1      | Reached XP level 3. HP: 33/33 MP: 2/2
  1381 | D:2      | Reached ** piety under Trog
  2305 | D:3      | Reached XP level 4. HP: 33/40 MP: 3/3
  2309 | D:2      | HP: 2/40 [orc priest/divine providence (15)]
  2310 | D:2      | Slain by an orc priest

Illustrated notes

Levels and vault maps discovered:
D:1:      wheals_arrival_linesprint, layout_basic
D:2:      layout_loops_corners, chequers_serial_rivers_micro_c
D:3:      layout_basic, serial_shops, nicolae_shop_waterfront,
          minmay_snake_closets

Skill      XL: |  1  2  3 |
---------------+----------+-----
Axes           | 4 |  4.9
Fighting       | 4 |  4.2
Armour         | 3 |  3.2
Dodging        | 3 |  3.0

Action                   |  1- 3 |  4- 6 || total
-------------------------+-------+-------++-------
Melee: Hand axe          |    79 |     1 ||    80
       Headbutt          |    10 |       ||    10
Invok: Berserk           |     1 |       ||     1
       Trog's Hand       |       |     1 ||     1
 Stab: Distracted        |     2 |       ||     2
Armor: Animal skin       |     2 |       ||     2
       Ring mail         |    24 |     3 ||    27
Dodge: Dodged            |    57 |     3 ||    60
